AoeStats
← Redson

Black Forest

510206679Analyzed
4v4 RM · 2d ago on Sep 29, 2026· 55m 52s· 8 players
Game mode
Random Map
Map size
Large (8 player)
Population
200
Speed
Normal
Resources
Standard
Victory
Conquest
Starting age
Dark Age
Ending age
Imperial Age
RankedLock teamsTeams togetherTeam positionsShared explorationLock speedFull tech treeHidden civsTurbo modeCheats
Victory
Defeat
🇺🇸 Spanish · United States
1042
+11
🇺🇸 Tatars · United States
1037
+11
🇨🇦 Hindustanis · Canada
906
+16
🇨🇦 Danes · Canada
734
+22
🇨🇴 Teutons · Colombia
938
-16
🇨🇴 Burgundians · Colombia
927
-16
🇨🇴 Vietnamese · Colombia
888
-14
🇨🇴 Bohemians · Colombia
881
-14
juanthestone
0:27 Loom
11:34 Feudal Age
10:51 Double-Bit Axe
14:13 Bow Saw
22:02 Castle Age
21:09 Scale Barding Armor
22:50 Husbandry
24:45 Cavalier
26:25 Wheelbarrow
29:13 Hand Cart
31:18 Treadmill Crane
34:19 Imperial Age
34:21 Forging
36:43 Conscription
37:30 Chain Barding Armor
37:04 Horse Collar
38:26 Two-Man Saw
38:21 Paladin
41:31 Iron Casting
41:44 Heavy Plow
42:58 Plate Barding Armor
43:25 Blast Furnace
42:47 Onager
44:06 Crop Rotation
45:28 Pikeman
49:04 Halberdier
49:44 Squires
Valterito
0:38 Loom
13:36 Feudal Age
14:09 Double-Bit Axe
19:37 Castle Age
18:26 Horse Collar
18:45 Gold Mining
21:00 Wheelbarrow
20:01 Crossbowman
21:07 Bow Saw
25:22 Stone Mining
26:57 Fletching
28:00 Padded Archer Armor
28:43 Ballistics
31:09 Thumb Ring
31:49 Heavy Plow
33:26 Hand Cart
38:07 Imperial Age
36:09 Bodkin Arrow
38:45 Leather Archer Armor
38:36 Elite Skirmisher
39:23 Imperial Skirmisher
41:14 Bracer
42:45 Chemistry
43:18 Ring Archer Armor
46:21 Two-Man Saw
Redson
3:01 Loom
11:55 Feudal Age
13:52 Double-Bit Axe
13:50 Horse Collar
22:39 Castle Age
27:45 Imperial Age
25:34 Town Watch
27:40 Heavy Plow
28:52 Forging
31:03 Fortified Wall
32:29 Wheelbarrow
34:19 Chemistry
35:12 Iron Casting
34:37 Scale Mail Armor
35:54 Town Patrol
36:30 Wheelbarrow
36:35 Onager
38:14 Hand Cart
37:30 Man-at-Arms
38:10 Squires
39:07 Siege Onager
39:59 Long Swordsman
40:25 Gambesons
40:25 Arson
45:16 Pikeman
46:39 Chain Mail Armor
51:23 Bow Saw
51:15 Halberdier
52:59 Blast Furnace
52:29 Plate Mail Armor
52:33 Siege Engineers
VodkAlejo
9:20 Loom
13:31 Feudal Age
14:33 Double-Bit Axe
20:48 Castle Age
20:06 Horse Collar
21:50 Bow Saw
22:22 Fervor
22:28 Heavy Plow
22:59 Caravan
30:35 Imperial Age
29:57 Chemistry
31:09 Wheelbarrow
30:46 Town Watch
33:11 Two-Man Saw
33:03 Hand Cart
35:06 Siege Engineers
36:37 Houfnice
36:47 Pikeman
39:53 Conscription
39:44 Wagenburg Tactics
40:34 Town Patrol
45:19 Coinage
45:03 Guilds
46:10 Scale Mail Armor
46:21 Forging
47:37 Halberdier
48:35 Chain Mail Armor
48:56 Iron Casting
50:06 Plate Mail Armor
51:45 Blast Furnace
55:32 Squires
55:18 Arson
55:42 Scale Barding Armor
55:31 Fletching
Seventh L3tter
0:28 Loom
13:11 Feudal Age
19:31 Castle Age
17:54 Double-Bit Axe
19:00 Stone Mining
27:26 Bow Saw
27:25 Arson
34:16 Imperial Age
32:49 Scale Mail Armor
32:45 Gambesons
33:01 Squires
33:19 Gold Mining
35:14 Forging
36:34 Chain Mail Armor
40:04 Plate Mail Armor
40:01 Ballistics
40:35 Hamask
42:15 Iron Casting
41:29 Horse Collar
44:51 Blast Furnace
44:55 Chemistry
44:02 Elite Varangian Guard
46:48 Padded Archer Armor
46:39 Fletching
47:44 Murder Holes
48:00 Thumb Ring
48:27 Elite Skirmisher
49:43 Leather Archer Armor
50:16 Heavy Plow
52:10 Ring Archer Armor
52:03 Bodkin Arrow
54:04 Bracer
bjharris17
10:55 Feudal Age
11:04 Man-at-Arms
11:56 Double-Bit Axe
12:30 Horse Collar
14:06 Loom
15:00 Wheelbarrow
21:48 Castle Age
21:44 Scale Mail Armor
21:54 Forging
23:15 Bow Saw
23:11 Heavy Plow
24:35 Pikeman
25:56 Iron Casting
30:48 Hand Cart
34:26 Imperial Age
32:11 Padded Archer Armor
33:33 Town Watch
34:52 Bloodlines
36:08 Heavy Cavalry Archer
36:14 Light Cavalry
37:53 Halberdier
39:02 Fletching
39:28 Leather Archer Armor
40:14 Blast Furnace
39:19 Scale Barding Armor
42:20 Bodkin Arrow
44:19 Conscription
44:00 Silk Armor
43:58 Capped Ram
44:37 Hussar
46:38 Elite Keshik
50:35 Chain Barding Armor
50:46 Ring Archer Armor
51:54 Ballistics
ChewyScreams
11:01 Feudal Age
11:32 Double-Bit Axe
14:59 Loom
18:41 Castle Age
19:01 Wheelbarrow
22:13 Caravan
23:26 Bow Saw
29:06 Hand Cart
33:06 Imperial Age
31:30 Fletching
31:42 Padded Archer Armor
33:58 Bodkin Arrow
34:19 Leather Archer Armor
34:09 Grand Trunk Road
34:11 Shatagni
34:33 Conscription
34:28 Heavy Camel Rider
35:20 Bloodlines
35:24 Forging
35:20 Scale Barding Armor
35:16 Bracer
36:49 Fortified Wall
37:42 Chemistry
38:22 Two-Man Saw
37:49 Imperial Camel Rider
39:08 Chain Barding Armor
40:14 Iron Casting
44:53 Siege Engineers
ENJIN3AR
5:49 Loom
13:14 Feudal Age
15:27 Double-Bit Axe
17:51 Castle Age
15:52 Stone Mining
16:04 Horse Collar
16:53 Gold Mining
19:41 Wheelbarrow
21:24 Bow Saw
21:20 Heavy Plow
32:07 Imperial Age
29:23 Town Watch
30:24 Hand Cart
31:06 Scale Barding Armor
31:32 Husbandry
31:43 Bloodlines
33:09 Conscription
32:15 Cavalier
34:07 Pikeman
34:48 Squires
35:18 Chain Barding Armor
35:09 Forging
35:00 Scale Mail Armor
36:34 Chemistry
35:55 Ballistics
35:49 Fortified Wall
35:35 Murder Holes
35:51 Masonry
35:55 Padded Archer Armor
35:45 Fletching
36:41 Elite Conquistador
36:49 Light Cavalry
38:09 Plate Barding Armor
38:10 Iron Casting
37:51 Chain Mail Armor
38:08 Caravan
39:32 Supremacy
41:40 Paladin
45:17 Blast Furnace
44:47 Plate Mail Armor
44:13 Bodkin Arrow
44:33 Leather Archer Armor
44:16 Hussar
45:06 Halberdier
46:48 Architecture
47:35 Hoardings
52:06 Two-Man Saw
52:08 Fervor
52:14 Block Printing
52:11 Redemption
Connection lost

Rejoining the realm…

Still unreachable

The connection could not be restored.

Session expired

The server has moved on; the page needs a fresh start.